 Dungeon Crawl Stone Soup version 0.26-a0-712-ga5a9c9c9d0 (webtiles) character file.

Game seed: 1643116325913782598

3067 Gildeon the Basher (level 9, 0/52 HPs)
             Began as a Gargoyle Fighter on Oct 31, 2020.
             Was a Follower of the Shining One.
             Slain by a wolf (6 damage)
             ... led by Grum
             ... on level 8 of the Dungeon.
             The game lasted 00:14:21 (7617 turns).

Gildeon the Basher (Gargoyle Fighter)               Turns: 7617, Time: 00:14:21

Health: 0/52       AC: 22    Str: 28    XL:     9   Next: 88%
Magic:  9/9        EV:  5    Int:  9    God:    the Shining One [*.....]
Gold:   449        SH: 10    Dex:  9    Spells: 8/8 levels left

rFire    . . .     SeeInvis .   a - +0 flail
rCold    . . .     Faith    .   c - +0 kite shield
rNeg     + + .     Spirit   .   I - +0 plate armour
rPois    ∞         Reflect  .   (no helmet)
rElec    +         Harm     .   j - +0 cloak
rCorr    +         Rampage  .   (no gloves)
MR       +....                  D - +2 pair of boots "Nuic Boe" {+Blink rN+ Str+5}
Stlth    ..........             (no amulet)
HPRegen  0.17/turn              y - ring of protection from magic
MPRegen  0.11/turn              x - ring of resist corrosion

@: glowing
A: negative energy resistance 1, electricity resistance, unbreathing,
petrification resistance, rot immunity, AC +6
a: Renounce Religion, Evoke Blink


You were on level 8 of the Dungeon.
You worshipped the Shining One.
The Shining One was aware of your devotion.
You visited 1 branch of the dungeon, and saw 8 of its levels.

You collected 449 gold pieces.

Inventory:

Hand Weapons
 a - a +0 flail (weapon)
 B - a +0 whip of flaming
Armour
 c - a +0 kite shield (worn)
 j - a +0 cloak (worn)
 D - the +2 pair of boots "Nuic Boe" (worn) {+Blink rN+ Str+5}
   (You found it on level 6 of the Dungeon)

   It affects your strength (+5).
   It protects you from negative energy.
   It lets you blink.
 I - a +0 plate armour (worn)
Jewellery
 x - a ring of resist corrosion (right hand)
 y - a ring of protection from magic (left hand)
Wands
 i - a wand of disintegration (13)
 r - a wand of enslavement (8)
 G - a wand of flame (23)
Scrolls
 b - a scroll of amnesia {unknown}
 f - 2 scrolls of noise {unknown}
 h - a scroll of fog {unknown}
 l - a scroll of enchant armour {unknown}
 n - 5 scrolls of remove curse
 o - 3 scrolls of blinking
 p - 2 scrolls of enchant weapon {unknown}
 t - 2 scrolls of magic mapping {unknown}
 u - a scroll of teleportation
 v - a scroll of summoning {unknown}
 w - a scroll of fear {unknown}
 E - a scroll of holy word {unknown}
Potions
 d - 2 potions of might
 e - 3 potions of heal wounds
 g - a potion of magic {unknown}
 k - 2 potions of flight
 q - 2 potions of brilliance {unknown}
 s - 3 potions of curing
 z - 2 potions of lignification {unknown}
 A - 2 potions of berserk rage {unknown}
 C - 2 potions of cancellation {unknown}
 H - a potion of mutation {unknown}


   Skills:
 + Level 3.9 Fighting
 + Level 12.8 Maces & Flails
 + Level 4.0 Armour
 - Level 3.2 Shields


You had 8 spell levels left.
You didn't know any spells.
Your spell library contained the following spells:

 Spells                   Type           Power        Failure   Level
 Animate Skeleton         Necr           #.....       100%        1
 Apportation              Tloc           #.....       100%        1
 Corona                   Hex            #......      100%        1
 Summon Small Mammal      Summ           #...         100%        1


Dungeon Overview and Level Annotations

Branches:
Dungeon (8/15)             Temple (0/1) D:5
   Lair: D:8-11

Altars:
Gozag
Qazlal
Sif Muna
Vehumet
Xom
Zin
The Shining One

Annotations:
D:8 Grum


Innate Abilities, Weirdness & Mutations

You are resistant to torment.
Your stone body is resilient. (AC +6)
You are immune to poison.
You resist negative energy. (rN+)
You are resistant to electric shocks. (rElec)
You can survive without breathing.
You are immune to petrification.
You are immune to rotting.


Message History

You block Grum's attack. The wolf bites you but does no damage.
You thump Grum!
Grum is heavily wounded.
The wolf bites you but does no damage. You block the wolf's attack.
The wolf barely misses you.
You hit Grum but do no damage.
Grum is heavily wounded.
You block the wolf's attack. Grum hits you but does no damage.
You block the wolf's attack. The wolf bites you but does no damage.
You sock Grum!
Grum is severely wounded.
You block the wolf's attack. The wolf bites you.
* * * LOW HITPOINT WARNING * * *
Grum hits you with a -1 glaive.
* * * LOW HITPOINT WARNING * * *
You block the wolf's attack.
You hit Grum.
Grum is severely wounded.
The wolf bites you but does no damage. The wolf bites you.
You die...

.. ###########..
#............
#............
#............
#...g........ #
#...h@.......
#..#####h#####+#
#...............
+......<........
##...###.######.
#.. ###.# ..
#...# . #...#
#####


You could see Grum and 2 wolves.

Vanquished Creatures
  Pikel (D:4)
  Eustachio (D:4)
  Menkaure (D:4)
  An ice beast (D:5)
  A sky beast (D:6)
  2 ogres (D:7)
  2 orc warriors (D:7)
  4 phantoms
  A wolf (D:8)
  2 bullfrogs (D:7)
  A wyvern skeleton (D:7)
  A scorpion (D:4)
  2 howler monkeys (D:6)
  3 hounds
  A gnoll shaman (D:7)
  3 orc priests
  A centaur skeleton (D:4)
  2 jellies
  7 orc wizards
  3 iguanas
  7 worker ants
  15 gnolls
  5 adders
  3 shadow imps (D:5)
  2 white imps
  An ufetubus (D:7)
  An ooze (D:5)
  3 worms
  A dart slug (D:3)
  5 leopard geckos
  26 orcs
  7 giant cockroaches
  3 goblins
  9 hobgoblins
  7 jackals
  5 kobolds
  4 quokkas
  A ball python (D:3)
  4 bats
  3 frilled lizards
  A giant cockroach zombie (D:5)
  A jackal skeleton (D:7)
  4 rats
158 creatures vanquished.

Notes
Turn   | Place    | Note
-------+----------+-------------------------------------------
     0 | D:1      | Gildeon the Gargoyle Fighter began the quest for the Orb.
     0 | D:1      | Reached XP level 1. HP: 14/14 MP: 1/1
    89 | D:1      | Reached XP level 2. HP: 17/19 MP: 2/2
   527 | D:1      | Reached skill level 3 in Maces & Flails
   729 | D:2      | Reached XP level 3. HP: 23/23 MP: 3/3
   741 | D:2      | Reached skill level 4 in Maces & Flails
   849 | D:2      | Found an opulent altar of Gozag.
   893 | D:2      | Reached XP level 4. HP: 26/28 MP: 4/4
  1064 | D:2      | Found a shimmering blue altar of Sif Muna.
  1331 | D:3      | Reached skill level 5 in Maces & Flails
  1331 | D:3      | Reached XP level 5. HP: 13/32 MP: 5/5
  1682 | D:3      | Reached skill level 6 in Maces & Flails
  2004 | D:3      | Reached XP level 6. HP: 37/37 MP: 6/6
  2572 | D:4      | Noticed Eustachio
  2679 | D:4      | Killed Eustachio
  2679 | D:4      | Reached skill level 7 in Maces & Flails
  2679 | D:4      | Reached XP level 7. HP: 11/41 MP: 7/7
  2948 | D:4      | Noticed Pikel
  2983 | D:4      | Killed Pikel
  2983 | D:4      | Reached skill level 9 in Maces & Flails
  2983 | D:4      | Reached XP level 8. HP: 37/46 MP: 8/8
  3175 | D:4      | Found a glowing golden altar of the Shining One.
  3187 | D:4      | Became a worshipper of the Shining One
  3461 | D:4      | Noticed Menkaure
  3474 | D:4      | Killed Menkaure
  4158 | D:5      | Entered Level 5 of the Dungeon
  4253 | D:5      | Reached skill level 10 in Maces & Flails
  4569 | D:5      | Found a glowing silver altar of Zin.
  4964 | D:5      | Found a stormy altar of Qazlal.
  5062 | D:5      | Reached skill level 11 in Maces & Flails
  5195 | D:5      | Found a staircase to the Ecumenical Temple.
  5215 | D:5      | Found a shimmering altar of Xom.
  5235 | D:5      | Reached * piety under the Shining One
  5235 | D:5      | Reached XP level 9. HP: 46/51 MP: 9/9
  6141 | D:6      | Reached skill level 12 in Maces & Flails
  6269 | D:6      | Got a pair of ancient boots
  6275 | D:6      | Identified the +2 pair of boots "Nuic Boe" {+Blink rN+
                  | Str+5} (You found it on level 6 of the Dungeon)
  6292 | D:6      | Found a shimmering altar of Xom.
  6541 | D:6      | Found a radiant altar of Vehumet.
  7600 | D:8      | Noticed Grum
  7617 | D:8      | Slain by a wolf

Illustrated notes

Levels and vault maps discovered:
D:1:      tarquinn_simple_flora_water_d, layout_basic,
          chequers_serial_rivers_room_a, minivault_11
D:2:      layout_loops_ring, lemuel_crystal_altar, lemuel_blue_sif_altar
D:3:      layout_loops_ring, wad_floor_pattern_untrapped
D:4:      layout_basic, nicolae_tso_carved_into_rock, uniq_pikel,
          uniq_eustachio, uniq_menkaure
D:5:      kennysheep_spiral_hall, layout_basic, nicolae_overflow_hidden_temple,
          lemuel_doored_altar, minmay_temple_entry_junction, basic_altar,
          st_stairs_10
D:6:      layout_basic, xom_butterflies, vehumet_altar_wand_db, serial_curves,
          eino_curves_02, eino_curves_02
D:7:      layout_basic
D:8:      layout_gridville, basic_altar, uniq_psyche, uniq_grum, uniq_joseph,
          uniq_erica

Skill      XL: |  1  2  3  4  5  6  7  8  9 |
---------------+----------------------------+-----
Maces & Flails | 3 4 5 6 7 9 11 12 | 12.8
Armour         | 4 |  4.0
Fighting       | |  3.9
Shields        | |  3.2

Action                   |  1- 3 |  4- 6 |  7- 9 || total
-------------------------+-------+-------+-------++-------
Melee: Flail             |    76 |   226 |   416 ||   718
  Use: Scroll            |       |     3 |     6 ||     9
Armor: Scale mail        |    42 |    52 |       ||    94
       Chain mail        |       |    93 |   212 ||   305
       Plate armour      |       |       |    51 ||    51
Dodge: Dodged            |    21 |    62 |    81 ||   164
Block: Kite shield       |    27 |   123 |   193 ||   343

Table legend: (Time is in decaauts)
 A = Elapsed time spent in this place.
 B = Non-inter-level travel time spent in this place.
 C = Inter-level travel time spent in this place.
 D = Time resting spent in this place.
 E = Time spent auto-exploring this place.
 F = Levels seen in this place.
 G = Mean time per level.
                   A        B        C        D        E       F      G
               +--------+--------+--------+--------+--------+-----+--------+
         Total |   7660 |   7394 |    266 |    905 |   5014 |   8 |  957.5 |
       Dungeon |   7660 |   7394 |    266 |    905 |   5014 |   8 |  957.5 |
               +--------+--------+--------+--------+--------+-----+--------+

Top non-repeatable levels by time:
     D:4: 1724 daAuts
     D:5: 1496 daAuts
     D:3: 1162 daAuts
     D:6: 1042 daAuts
     D:7: 865 daAuts
     D:2: 693 daAuts
     D:1: 649 daAuts
     D:8: 26 daAuts
